 Dungeon Crawl Stone Soup version 0.32-a0-163-g159c032296 (webtiles) character file.

Game seed: 12798301756033730527

35 zeratav the Trooper (level 3, 0/39 HPs)
             Began as an Oni Warper on Feb 11, 2024.
             Slain by an adder (3 damage)
             ... on level 1 of the Dungeon.
             The game lasted 00:01:04 (1006 turns).

zeratav the Trooper (Oni Warper)                    Turns: 1006, Time: 00:01:05

Health: 0/39       AC:  3    Str: 17    XL:     3   Next: 35%
Magic:  6/6        EV:  9    Int: 14    God:
Gold:   69         SH:  0    Dex:  8    Spells: 6/6 levels left

rFire   . . .        a - +0 mace {mace}
rCold   . . .        (no shield)
rNeg    . . .        b - +0 robe
rPois   .            (helmet restricted)
rElec   .            (no cloak)
rCorr   .            (gloves unavailable)
SInv    .            (boots unavailable)
Will    .....        (no amulet)
Stlth   +            (no ring)
HPRegen 0.26/turn    (no ring)
MPRegen 0.10/turn

%: no passive effects
@: lethally poisoned (0 -> -2)
A: large, unfitting armour, horns 1, tough skin 1, double potion healing,
drunken brawling
a: no special abilities


You were on level 1 of the Dungeon.
You visited 1 branch of the dungeon, and saw 2 of its levels.

You collected 69 gold pieces.


Innate Abilities, Weirdness & Mutations

You are too large for most types of armour.
You have a pair of small horns on your head.
You have tough skin. (AC +1)
You gain doubled healing and magic from potions.
Whenever you drink a healing potion, you attack all around you.


   Skills:
 + Level 3.9 Fighting
 + Level 2.9 Maces & Flails
 - Level 1.0 Throwing
 - Level 2.1 Dodging
 - Level 2.4 Spellcasting
 - Level 2.6 Translocations


You had 6 spell levels left.
You didn't know any spells.
Your spell library contained the following spells:

 Spells                   Type           Power      Damage    Failure   Level
 Blink                    Tloc           18%        N/A       12%         2
 Lesser Beckoning         Tloc           18%        N/A       12%         2
 Teleport Other           Tloc           9%         N/A       22%         3
 Ensorcelled Hibernation  Hex/Ice        2%         N/A       34%         2
 Fugue of the Fallen      Necr           1%         N/A       56%         3
 Manifold Assault         Tloc           9%         N/A       58%         4
 Vhi's Electric Charge    Tloc/Air       10%        N/A       78%         4
 Anguish                  Hex/Necr       0%         N/A       92%         4

Inventory:

Hand Weapons
 a - a +0 mace (weapon) {mace}
Missiles
 d - 7 darts of dispersal (quivered) {=fthrowing}
 j - 6 poisoned darts {throwing}
Armour
 b - a +0 robe (worn)
Scrolls
 c - a scroll of blinking {!r}
 h - a scroll of enchant weapon {unknown}
Potions
 e - 2 potions of curing {unknown}
 f - a potion of enlightenment {unknown}
 g - a potion of magic {unknown}
 i - a potion of brilliance {unknown}
 k - a potion of haste {unknown}

Dungeon Overview and Level Annotations

Branches:
Dungeon (2/15) Zot: 10970

Altars:

....÷.# #.# #.#
#......#
###.#####.##### #.#
######.# #
#...........# #.#
#####.###
#######.###.####.#
#....#...
####...............#
#.###.###
..........###.######
#.# #.# ####.###### #.#
#.# #.# .....#
#####.###########.###.#
######
#.......@S....÷.......#
#.###..S.....[....###.#
#.#
#################.###
#.# #..)....#.. #.#
#.###.##### #.#
#...#...... #.#
#|#.####### #########.#
#.#.......# ..........#
###.#####.#


You could see 2 adders.


Message History

You take 2 damage, and now have 37/39 hp.
You hit the rat.
You kill the rat!
No target in view!
No target in view!
No target in view!
No target in view!
No target in view!
No target in view!
No target in view!
No target in view!
No target in view!
No target in view!
No target in view!
No target in view!
No target in view!
No target in view!
No target in view!
Done exploring.
HP[+2]
Your hp is fully restored (39).
Done exploring.
Done exploring.
Things that are here:
a +0 dagger {short}; a goblin skeleton You see here a rat skeleton.
There is a stone staircase leading down here.
You climb downwards.
The adder hisses angrily. x2
Found a scroll labelled BAUSOTR ENWIBB and a metallic inky potion.
Found a stone staircase leading down.
There is a stone staircase leading up here.
There are monsters nearby!
There are monsters nearby!
You hit the bat.
You kill the bat!
An endoplasm comes into view.
You hit the adder. Your headbutt misses the adder.
The adder bites you but does no damage. The adder bites you.
You are poisoned.
The adder poisons you! The adder bites you. x2
You are more poisoned.
The adder poisons you!
HP[-5]
You take 5 damage, and now have 34/39 hp.
You feel very sick. The adder bites you but does no damage.
There is a stone staircase leading up here.
HP[-2]
You take 2 damage, and now have 32/39 hp.
You feel sick. The adder closely misses you. The adder barely misses you.
The adder bites you. The adder bites you but does no damage.
You climb upwards.
You feel sick.
There is a stone staircase leading down here.
HP[-5]
You take 5 damage, and now have 27/39 hp.
You miss the adder.
You feel sick. The adder bites you. The adder closely misses you.
HP[-1]
You take 1 damage, and now have 26/39 hp.
You closely miss the adder. Your headbutt misses the adder.
You feel sick. The adder bites you but does no damage.
The adder barely misses you. The adder bites you. The adder barely misses you.
HP[-5]
You take 5 damage, and now have 21/39 hp.
You miss the adder.
You feel sick. The adder bites you.
* * * LOW HITPOINT WARNING * * *
You are more poisoned.
The adder poisons you! The adder bites you but does no damage.
The adder barely misses you. The adder bites you.
* * * LOW HITPOINT WARNING * * *
HP[-7]
You take 7 damage, and now have 14/39 hp.
You closely miss the adder.
You feel sick.
The adder bites you but does no damage. x2
You closely miss the adder. Your headbutt misses the adder.
You feel sick. The adder closely misses you. The adder bites you.
* * * LOW HITPOINT WARNING * * *
The adder bites you.
* * * LOW HITPOINT WARNING * * *
You are more poisoned.
The adder poisons you! The adder barely misses you.
HP[-5]
You take 5 damage, and now have 9/39 hp.
You closely miss the adder. You headbutt the adder.
You feel sick. The adder bites you.
* * * LOW HITPOINT WARNING * * *
The adder barely misses you.
HP[-4]
You take 4 damage, and now have 5/39 hp.
You hit the adder but do no damage. Your headbutt misses the adder.
You feel sick.
The adder barely misses you. x2; The adder bites you.
* * * LOW HITPOINT WARNING * * *
The adder closely misses you.
HP[-1]
You take 1 damage, and now have 4/39 hp.
You miss the adder. Your headbutt misses the adder.
* * * LOW HITPOINT WARNING * * *
You feel sick. The adder bites you.
You die...

Skill      XL: |  1 |
---------------+----+-----
Fighting       | 3 |  3.9
Maces & Flails | |  2.9
Throwing       | |  1.0
Dodging        | |  2.1
Spellcasting   | |  2.4
Translocations | |  2.6

Action                     || total
---------------------------++-------
  Melee: Mace              ||    83
         Headbutt          ||    10
         Punch             ||     1
 Armour: Robe              ||    80
  Dodge: Dodged            ||    47

Levels and vault maps discovered:
D:1:      onia_arrival_mini_maze, layout_loops_ring
D:2:      layout_loops_ring, nicolae_elevator_lobby_asterisk

Notes
Turn   | Place    | Note
-------+----------+-------------------------------------------
     0 | D:1      | zeratav the Oni Warper began the quest for the Orb.
     0 | D:1      | Reached XP level 1. HP: 22/22 MP: 3/3
     0 | D:1      | magus.rc [v1.9.6]
    63 | D:1      | Reached skill level 3 in Fighting
   156 | D:1      | Reached XP level 2. HP: 31/31 MP: 5/5
   361 | D:1      | You pick up a book of Dreams and begin reading...
   361 | D:1      | You add the spells Ensorcelled Hibernation, Fugue of the
                  | Fallen and Anguish to your library.
   553 | D:1      | Reached XP level 3. HP: 29/39 MP: 6/6
  1003 | D:1      | HP: 9/39 [adder (2)]
  1005 | D:1      | HP: 4/39 [adder (1)]
  1006 | D:1      | Slain by an adder

Vanquished Creatures
  2 ball pythons (D:1)
  2 endoplasms (D:1)
  4 giant cockroaches (D:1)
  2 goblins (D:1)
  7 hobgoblins (D:1)
  2 kobolds (D:1)
  2 quokkas (D:1)
  3 bats
  7 rats (D:1)
31 creatures vanquished.

Table legend:
 A = Non-vault XP
 B = Vault XP
 C = Vault XP percentage of total XP
 D = Non-vault monster count
 E = Vault monster count
 F = Vault count percentage of total count
                 A         B        C        D         E       F
            +---------+---------+-------+---------+---------+-------
      Total |      49 |       2 |   3.9 |      29 |       2 |   6.5
            +---------+---------+-------+---------+---------+-------
        D:1 |      48 |       2 |   4.0 |      28 |       2 |   6.7
        D:2 |       1 |       0 |   0.0 |       1 |       0 |   0.0
            +---------+---------+-------+---------+---------+-------

Skill      XL: |  1 |
---------------+----+-----
Fighting       | 3 |  3.9
Maces & Flails | |  2.9
Throwing       | |  1.0
Dodging        | |  2.1
Spellcasting   | |  2.4
Translocations | |  2.6

Action                     || total
---------------------------++-------
  Melee: Mace              ||    83
         Headbutt          ||    10
         Punch             ||     1
 Armour: Robe              ||    80
  Dodge: Dodged            ||    47

Illustrated notes

Table legend:
 A = Kills in this place as a percentage of kills in the entire game.
 B = Kills by you in this place as a percentage of kills by you in the entire game.
 C = Kills by friends in this place as a percentage of kills by friends in the entire game.
 D = Other kills in this place as a percentage of other kills in the entire game.
 E = Experience gained in this place as a percentage of experience gained in the entire game.
 F = Experience gained in this place divided by the number of levels of this place that you have seen.
                   A       B       C       D       E      F
               +-------+-------+-------+-------+-------+----------------------
         Total | 100.0 | 100.0 |   N/A |   N/A | 100.0 |  25.5
       Dungeon | 100.0 | 100.0 |   N/A |   N/A | 100.0 |  25.5
               +-------+-------+-------+-------+-------+----------------------

Table legend: (Time is in decaauts)
 A = Elapsed time spent in this place.
 B = Non-inter-level travel time spent in this place.
 C = Inter-level travel time spent in this place.
 D = Time resting spent in this place.
 E = Time spent auto-exploring this place.
 F = Levels seen in this place.
 G = Mean time per level.
                   A        B        C        D        E       F      G
               +--------+--------+--------+--------+--------+-----+--------+
         Total |   1028 |    989 |     39 |     28 |    757 |   2 |  514.0 |
       Dungeon |   1028 |    989 |     39 |     28 |    757 |   2 |  514.0 |
               +--------+--------+--------+--------+--------+-----+--------+

Top non-repeatable levels by time:
     D:1: 1019 daAuts
     D:2: 9 daAuts
